Map: Ley Lines

Players

Takuan

  • Race: Protoss Protoss
  • League: Master
  • Spawn Location: 7:00

Mako

  • Race: Zerg Zerg
  • Spawn Location: 1:00

kitune

  • Race: Zerg Zerg

VOD

Have the link to the VOD?

Description

Time

  • Played on: Aug. 9, 2025, 9:21 a.m.
  • Length: 11:05
Show
View Real Time Build Order
Export as new Build Order

Takuan Protoss 

Build Orders: 1 Gate Expand, Oracle Opening, Zealot Archon 

Get SALT Encoding   

  12  0:00  Probe  
  13  0:12  Probe  
  14  0:19  Pylon  
  14  0:24  Probe  
  15  0:30  Assimilator  
  15  0:36  Probe  
  16  0:44  Probe, Gateway  
  17  0:53  Probe  
  18  1:04  Probe  
  19  1:16  Probe  
  20  1:25  Nexus  
  20  1:36  Cybernetics Core  
  20  1:39  Probe  
  21  1:43  Assimilator  
  21  1:51  Probe  
  21  1:52  Pylon  
  22  2:02  Adept  
  22  2:03  Probe  
  25  2:15  Probe  
  25  2:17  Stargate  
  25  2:21  Warp Gate  
  26  2:28  Probe  
  27  2:32  Adept  
  29  2:40  Probe  
  30  2:44  Probe  
  31  2:52  Probe  
  31  2:57  Gateway  
  32  2:58  Probe  
  32  3:04  Void Ray, Probe  
  34  3:11  Probe  
  39  3:16  Probe  
  40  3:22  Pylon  
  40  3:23  Probe  
  41  3:28  Probe  
  41  3:31  Twilight Council  
  41  3:32  Oracle  
  42  3:38  Probe  
  42  3:40  Probe  
  44  3:47  Adept  
  49  3:52  Charge  
  49  3:54  Probe x2  
  51  4:07  Nexus  
  51  4:09  Pylon  
  51  4:14  Probe x2  
  53  4:17  Pylon  
  53  4:24  Assimilator  
  53  4:26  Probe  
  53  4:28  Assimilator  
  53  4:29  Probe  
  55  4:32  Shield Battery  
  55  4:38  Probe  
  56  4:50  Gateway  
  56  4:53  Gateway  
  56  4:56  Gateway x2  
  56  4:59  Probe, Gateway  
  57  5:01  Probe  
  58  5:11  Pylon  
  58  5:12  Zealot x2  
  62  5:27  Gateway  
  62  5:39  Zealot x2  
  67  5:42  Probe  
  67  5:43  Probe  
  67  5:44  Zealot  
  67  5:49  Zealot  
  72  5:51  Zealot x2  
  76  5:59  Zealot  
  76  6:00  Zealot x2  
  82  6:07  Zealot  
  82  6:09  Probe x2  
  86  6:11  Zealot  
  86  6:12  Zealot x2  
  92  6:21  Zealot x2  
  93  6:28  Templar Archives, Probe x2  
  93  6:29  Probe  
  82  6:39  Pylon, Probe  
  76  6:40  Zealot, Probe  
  76  6:41  Zealot x2, Probe  
  85  6:47  Probe  
  85  6:48  Robotics Facility  
  85  6:52  Probe  
  85  6:53  Assimilator  
  85  6:54  Probe  
  88  6:57  Assimilator  
  88  6:59  Forge  
  88  7:05  High Templar x2  
  88  7:06  High Templar x4  
  100  7:11  Archon x2  
  100  7:12  Zealot x2, Archon  
  94  7:22  Probe x2  
  94  7:23  Protoss Ground Weapons Level 1, Psionic Storm  
  94  7:24  Immortal  
  94  7:25  Probe  
  95  7:34  Probe x2  
  101  7:41  Pylon  
  101  7:44  Pylon, Photon Cannon  
  101  7:48  Pylon  
  101  7:55  Warp Prism  
  101  7:59  Probe x3  
  101  8:02  High Templar x2  
  101  8:03  High Templar x2  
  114  8:07  Zealot x2  
  114  8:08  Archon x2  
  114  8:10  Zealot x2  
  92  8:28  Zealot x2  
  92  8:31  Zealot x2  
  92  8:35  High Templar x2  
  92  8:37  Zealot x2  
  100  8:43  Immortal  
  104  8:53  High Templar  
  106  9:06  Nexus  
  106  9:07  Shield Battery, Pylon  
  106  9:08  High Templar x2  
  106  9:09  Zealot x5  
  120  9:21  Immortal, Probe x2  
  120  9:23  Probe  
  123  9:26  Shield Battery  
  123  9:29  Photon Cannon  
  123  9:30  Photon Cannon  
  123  9:34  Shield Battery  
  127  9:42  Zealot x4  
  131  9:54  Probe  
  132  10:03  Pylon  
  132  10:04  Pylon  
  132  10:05  Probe  
  132  10:06  Pylon  
  133  10:15  Pylon  
  133  10:17  Observer, Pylon  
  133  10:18  Pylon, Probe  
  133  10:20  Zealot x3  
  133  10:21  Zealot x3  
  143  10:22  Zealot x2  
  151  10:44  Probe x3  
  151  10:48  Assimilator x2  
  140  10:58  Zealot x6  
  140  10:59  Zealot x2  
  155  11:04  Gateway  
Show
View Real Time Build Order
Export as new Build Order

Mako Zerg 

Build Orders: Hatch First 

Get SALT Encoding   

  12  0:01  Drone  
  13  0:12  Overlord  
  13  0:16  Drone  
  14  0:30  Drone x2  
  16  0:45  Hatchery  
  16  0:49  Drone  
  16  0:53  Drone  
  16  0:56  Drone  
  18  1:10  Extractor  
  17  1:12  Spawning Pool  
  17  1:14  Drone  
  18  1:18  Drone  
  18  1:34  Drone  
  19  1:41  Drone  
  20  1:51  Overlord  
  20  1:59  Queen  
  20  2:00  Queen  
  20  2:01  Zergling x4  
  26  2:10  Metabolic Boost  
  26  2:12  Drone x2  
  28  2:23  Drone x2  
  30  2:36  Queen  
  30  2:43  Overlord  
  32  2:47  Lair  
  32  2:50  Drone x2  
  32  2:51  Extractor, Drone  
  34  2:54  Drone  
  35  3:03  Zergling x4  
  35  3:05  Zergling x2  
  38  3:09  Drone x2  
  38  3:10  Drone  
  41  3:21  Overlord  
  41  3:22  Roach Warren  
  41  3:23  Drone  
  41  3:26  Drone  
  42  3:28  Drone  
  42  3:33  Drone  
  44  3:43  Extractor  
  44  3:44  Drone x3  
  44  3:46  Drone x3  
  49  3:52  Overlord  
  49  3:53  Overlord  
  49  4:00  Hydralisk Den  
  49  4:06  Overlord  
  49  4:07  Overlord  
  47  4:12  Drone x2  
  47  4:15  Drone  
  50  4:19  Zergling x2  
  51  4:25  Overlord  
  51  4:30  Grooved Spines  
  51  4:32  Hatchery  
  51  4:35  Hydralisk  
  51  4:36  Hydralisk  
  54  4:40  Hydralisk  
  54  4:43  Hydralisk  
  57  4:46  Hydralisk  
  57  4:50  Zergling x4  
  61  4:53  Hydralisk  
  63  5:03  Hydralisk  
  63  5:04  Hydralisk x2  
  63  5:06  Hydralisk  
  69  5:09  Zergling x2  
  69  5:13  Hydralisk  
  74  5:18  Overlord  
  74  5:20  Muscular Augments  
  74  5:31  Overlord x2  
  74  5:40  Hydralisk x4  
  82  5:47  Hydralisk x2, Overlord  
  86  5:50  Zergling x2  
  86  5:51  Zergling x2  
  86  5:54  Hydralisk  
  88  5:59  Zergling x2  
  88  6:03  Zergling x6  
  85  6:06  Zergling x6  
  88  6:14  Hydralisk x2  
  88  6:15  Zergling x2  
  88  6:16  Zergling x4  
  79  6:27  Zergling x10  
  74  6:33  Hydralisk x2  
  77  6:42  Hydralisk x3  
  83  6:53  Hydralisk x2  
  87  6:54  Zergling x2  
  87  6:55  Zergling x4  
  89  7:02  Zergling x8  
  89  7:06  Hydralisk  
  93  7:12  Zergling x8  
  87  7:16  Zergling x4  
  87  7:17  Zergling x2  
  87  7:19  Zergling x2  
  83  7:25  Hydralisk x2  
  83  7:28  Hydralisk  
  89  7:31  Hydralisk  
  89  7:35  Hydralisk  
  93  7:38  Hydralisk  
  93  7:40  Overseer  
  95  7:46  Hydralisk  
  97  7:58  Roach Warren  
  96  8:00  Hydralisk  
  96  8:01  Hydralisk  
  96  8:02  Zergling x6  
  96  8:03  Zergling x2  
  104  8:05  Zergling x2  
  104  8:08  Hydralisk  
  104  8:11  Hydralisk  
  106  8:18  Hydralisk  
  99  8:27  Hydralisk x2  
  78  8:35  Hydralisk  
  78  8:37  Zergling x2  
  78  8:38  Zergling x10  
  86  8:48  Hydralisk x2  
  86  8:50  Zergling x6  
  93  9:08  Drone x7, Lurker Den  
  95  9:24  Infestation Pit  
  95  9:25  Drone x7  
  101  9:32  Extractor  
  101  9:34  Extractor x2  
  98  9:45  Evolution Chamber  
  83  9:46  Evolution Chamber  
  83  9:49  Hatchery  
  83  9:50  Drone  
  83  9:51  Drone x3  
  85  9:58  Drone x5  
  90  10:15  Drone x5  
  95  10:23  Spore Crawler  
  95  10:26  Zergling x14  
  57  11:04  Lurker  
  57  11:05  Lurker  
Show
View Real Time Build Order
Export as new Build Order

kitune Zerg 

Build Orders:  

Get SALT Encoding   

Tags
 
Add a new tag
Caveats
  • Supply blocks, unpowered buildings, or Contaminate may cause inaccurate times.
  • Supply counts are checked every 10 seconds.